 Dungeon Crawl Stone Soup version 0.29.1-15-g9cfb28693d (webtiles) character file.

Game seed: 9953587295288911453

4697 MisterFreud the Transmogrifier (level 10, -17/99 HPs)
             Began as a Green Draconian Transmuter on Apr 20, 2023.
             Was an Initiate of Yredelemnul.
             Killed from afar by a steam dragon (25 damage)
             ... with a ball of steam
             ... in a bailey.
             The game lasted 00:14:47 (9779 turns).

MisterFreud the Transmogrifier (DrTm)               Turns: 9779, Time: 00:14:48

Health: -17/99     AC:  7    Str: 19    XL:     10   Next: 21%
Magic:  16/16      EV: 12    Int: 19    God:    Yredelemnul [......]
Gold:   576        SH:  0    Dex: 15    Spells: 5/17 levels left

rFire   x . .      SeeInvis .     - Unarmed
rCold   + + +      Faith    .   (shield currently unavailable)
rNeg    . . .      Spirit   .   (body armour unavailable)
rPois   +          Reflect  .   (helmet currently unavailable)
rElec   .          Harm     .   (cloak currently unavailable)
rCorr   .          Rampage  .   (gloves currently unavailable)
Will    .....                   (boots currently unavailable)
Stlth   +.........              C - amulet of magic regeneration
HPRegen 0.26/turn               g - ring "Usael" {Str+6 Int+3 Dex+2}
MPRegen 0.55/turn               h - ring of wizardry

@: ice-form
A: freezing attack, amphibious, boosted hp, (breathe noxious fumes), AC +7,
large, unfitting armour, (poison resistance), (cold-blooded)
a: End Transformation, Renounce Religion, Recall Undead Harvest


You were in a bailey.
You worshipped Yredelemnul.
Yredelemnul was noncommittal.
You were a creature of crystalline ice.
You visited 1 branch of the dungeon, and saw 8 of its levels.
You also visited: Sewer and Bailey.

You collected 576 gold pieces.

Inventory:

Hand Weapons
 H - the +8 halberd "Qilot" {elec, rCorr}
   (You found it on level 8 of the Dungeon)

   It occasionally discharges a powerful burst of electricity upon striking a
   foe.
   rCorr:     It protects you from acid and corrosion.
Missiles
 d - 6 curare-tipped darts
 p - 4 throwing nets
 A - 8 poisoned darts
 D - 4 boomerangs of dispersal
Armour
 G - a +0 cloak
Jewellery
 g - the ring "Usael" (left front paw) {Str+6 Int+3 Dex+2}
   (You acquired it on level 2 of the Dungeon)

   [ring of strength]

   Str:       It affects your strength (+6).
   Int:       It affects your intelligence (+3).
   Dex:       It affects your dexterity (+2).
 h - a ring of wizardry (right front paw)
 i - a +4 ring of evasion
 s - a ring of protection from cold
 y - a ring of positive energy
 z - a ring of protection from cold
 C - an amulet of magic regeneration (around neck)
 F - a ring of flight
Wands
 t - a wand of acid (7)
 E - a wand of digging (3)
Scrolls
 f - 2 scrolls of fear
 n - a scroll of enchant weapon
 o - 3 scrolls of blinking
 q - a scroll of teleportation
 r - 4 scrolls of amnesia
 w - a scroll of brand weapon
 x - a scroll of magic mapping
Potions
 a - a potion of lignification
 b - 4 potions of heal wounds
 c - a potion of berserk rage
 e - 2 potions of invisibility
 j - 4 potions of brilliance
 k - 3 potions of curing
 l - a potion of ambrosia {unknown}
 m - a potion of attraction {unknown}
 u - 2 potions of degeneration
 v - 3 potions of might
 B - 4 potions of mutation


   Skills:
 + Level 6.0 Fighting
 - Level 6.0 Dodging
 + Level 7.3 Unarmed Combat
 - Level 4.0 Spellcasting
 - Level 8.0 Transmutations
 - Level 2.0 Ice Magic
 - Level 6.0 Invocations


You had 5 spell levels left.
You knew the following spells:

 Your Spells              Type           Power      Damage    Failure   Level
a - Ice Form              Ice/Tmut       22%        N/A       7%          4
b - Wereblood             Tmut           34%        N/A       1%          2
c - Spider Form           Tmut/Pois      19%        N/A       3%          3
d - Tukima's Dance        Hex            3%         N/A       16%         3

Your spell library contained the following spells:

 Spells                   Type           Power      Damage    Failure   Level
 Beastly Appendage        Tmut           68%        N/A       1%          1
 Ensorcelled Hibernation  Hex/Ice        14%        N/A       6%          2
 Blade Hands              Tmut           17%        N/A       6%          5
 Portal Projectile        Hex/Tloc       6%         N/A       16%         3
 Yara's Violent Unravell  Hex/Tmut       9%         3d6       28%         5
 Anguish                  Hex/Necr       1%         N/A       45%         4
 Passage of Golubria      Tloc           3%         N/A       45%         4
 Silence                  Hex/Air        1%         N/A       80%         5
 Lehudib's Crystal Spear  Conj/Erth      1%         10d2      100%        8


Dungeon Overview and Level Annotations

Branches:
Dungeon (8/15)             Temple (0/1) D:5           Sewer (visited)
 Bailey (1/1)
   Lair: D:8-11

Altars:
Cheibriados
Elyvilon
Fedhas
Nemelex Xobeh
Ru
Sif Muna
Trog
Yredelemnul

Shops:
D:1 [   D:4 [

Annotations:
D:5 3 runed translucent doors, kwasso's ghost, amateur OpEE; protoss039's ghost, novice DsEE


Innate Abilities, Weirdness & Mutations

You are a creature of crystalline ice.
You have a powerful freezing melee attack.
You are amphibious.
Your maximum health is increased.
Your armour is entirely melded.
You are incapable of wielding weapons or throwing items.
((You can breathe blasts of noxious fumes.))
((Your lurid green scales are hard. (AC +7)))
You cannot fit into any form of body armour.
((Your system is resistant to poisons. (rPois)))
((You are cold-blooded and may be slowed by cold attacks.))


Message History

t - Shout!
Orders for allies: a - Attack new target. r - Retreat! s - Stop attacking. g - Guard the area. f - Follow me.
Anything else - Cancel.
Gang up on whom?
Press: ? - help, Dir - move target, f - steam dragon
Aim: a steam dragon Attack!
The steam dragon bites your ogre zombie!
The steam dragon barely misses your ogre zombie.
Your ogre zombie hits the steam dragon.
Something hits your shadow wraith but does no damage.
Your shadow wraith hits something!
You feel a bit more experienced.
Your Fighting skill increases to level 6!
Unknown command.
The steam dragon breathes steam at your ogre zombie.
The ball of steam hits your ogre zombie!!
Your ogre zombie is destroyed!
The ball of steam hits your ogre zombie!
The ball of steam hits you!! The steam scalds you terribly!
* * * LOW HITPOINT WARNING * * *
The ball of steam hits your ogre zombie!
Your ogre zombie is engulfed in a cloud of scalding steam. x2
Your ogre zombie is engulfed in a cloud of scalding steam.
Something bites your ogre zombie! Something claws your ogre zombie.
Your ogre zombie is destroyed!
Your shadow wraith is engulfed in a cloud of scalding steam.
Your spriggan zombie is engulfed in a cloud of scalding steam.
Your spriggan zombie is destroyed!
You can no longer trade souls for undead servants.
Your shadow wraith hits the steam dragon!
Your shadow wraith drains the steam dragon's vigour!
The steam dragon seems to slow down.
The steam dragon breathes steam at you.
The ball of steam hits your ogre zombie!!
Your ogre zombie is destroyed!
The ball of steam hits you!! The steam scalds you terribly!
You die...
Your body rises from the dead as a mindless zombie.

#######
.......##
....)).W##
..~~D§D§.##
###~####§.##
##§.## ♣#Y.#
#..# #..#
#..# #..#
#..# ♣#..#
##..## .♣
##..##


You could see a friendly shadow wraith (summoned, invisible).

Vanquished Creatures
  A two-headed ogre (Bailey)
  Pikel (D:5)
  Sigmund (D:6)
  A spriggan (Bailey)
  3 water moccasins
  Pargi (Sewer)
  2 black bears
  3 orc warriors
  A sky beast (D:8)
  3 ogres
  A centaur (D:7)
  4 lemures (D:5)
  2 phantoms
  A water moccasin zombie (D:4)
  2 howler monkeys (D:7)
  A bullfrog zombie (D:5)
  4 centaur zombies
  2 gnoll boudas
  3 hounds
  3 orc priests
  A jelly (D:7)
  3 iguanas
  6 orc wizards
  2 scorpion zombies (D:5)
  Natasha (thrice) (D:3)
  A hound zombie (D:4)
  A howler monkey skeleton (D:4)
  8 gnolls
  8 adders
  A white imp (D:6)
  An adder zombie (D:4)
  An adder skeleton (D:4)
  2 worms (D:2)
  3 dart slugs
  29 orcs
  8 ball pythons
  2 bats
  4 endoplasms
  4 giant cockroaches
  7 goblins
  6 hobgoblins
  6 jackals
  7 quokkas
  6 frilled lizards
  5 kobolds
165 creatures vanquished.

Vanquished Creatures (collateral kills)
  2 spriggans (Bailey)
  4 ogres (Bailey)
  A scorpion (D:5)
  An adder (D:2)
  4 orcs
  A goblin (D:3)
  2 hobgoblins
  A bat (D:2)
  A frilled lizard (D:2)
17 creatures vanquished.

Vanquished Creatures (others)
  A spriggan zombie (Bailey)
  3 ogre zombies (Bailey)
  A sky beast zombie (D:8)
  A hound zombie (D:5)
  A gnoll zombie (D:7)
  A hobgoblin zombie (D:3)
  12 orc zombies
  6 withered plants (D:5)
26 creatures vanquished.

Grand Total: 208 creatures vanquished

Notes
Turn   | Place    | Note
-------+----------+-------------------------------------------
     0 | D:1      | MisterFreud the Draconian Transmuter began the quest for
                  | the Orb.
     0 | D:1      | Reached XP level 1. HP: 16/16 MP: 3/3
   175 | D:1      | Reached XP level 2. HP: 23/23 MP: 3/5
   218 | D:1      | Learned a level 2 spell: Wereblood
   221 | D:1      | Found Nige's Armour Shoppe.
   315 | D:1      | Reached skill level 3 in Transmutations
   862 | D:2      | Found a basalt altar of Yredelemnul.
   992 | D:2      | Reached XP level 3. HP: 28/28 MP: 4/6
  1042 | D:2      | Became a worshipper of Yredelemnul the Dark
  1129 | D:2      | Reached skill level 4 in Transmutations
  1329 | D:2      | Reached * piety under Yredelemnul
  1426 | D:2      | Reached ** piety under Yredelemnul
  1630 | D:2      | Reached XP level 4. HP: 16/35 MP: 5/7
  2506 | D:2      | Identified a scroll of acquirement
  2506 | D:2      | Acquired the ring "Usael" {Str+6 Int+3 Dex+2}
  2514 | D:2      | Learned a level 3 spell: Spider Form
  2642 | D:3      | Found a sacrificial altar of Ru.
  2699 | D:3      | Found a glowing drain.
  2725 | Sewer    | Entered a sewer
  2824 | Sewer    | Noticed Pargi
  2835 | Sewer    | Killed Pargi
  2836 | Sewer    | Reached skill level 5 in Transmutations
  2836 | Sewer    | Reached XP level 5. HP: 31/41 MP: 5/8
  2969 | D:3      | Noticed Natasha
  2976 | D:3      | Killed Natasha
  3196 | D:3      | Noticed Natasha
  3209 | D:3      | Killed Natasha
  3592 | D:3      | Noticed Natasha
  3599 | D:3      | Killed Natasha
  3600 | D:3      | Reached XP level 6. HP: 42/51 MP: 5/9
  4067 | D:3      | Learned a level 4 spell: Ice Form
  4414 | D:4      | Reached skill level 1 in Ice Magic
  4531 | D:4      | Your scales start taking on a lurid green colour.
  4531 | D:4      | Reached XP level 7. HP: 51/58 MP: 6/10
  4531 | D:4      | Gained mutation: Your system is resistant to poisons.
                  | (rPois) [Green Draconian growth]
  4914 | D:4      | Found Niumeira's Armour Emporium.
  5114 | D:5      | Entered Level 5 of the Dungeon
  5183 | D:5      | Reached skill level 5 in Unarmed Combat
  5183 | D:5      | Found a basalt altar of Yredelemnul.
  5192 | D:5      | Reached skill level 6 in Transmutations
  5637 | D:5      | Reached XP level 8. HP: 59/66 MP: 7/11
  5729 | D:5      | Reached skill level 7 in Transmutations
  5774 | D:5      | Found a runed translucent gate.
  5774 | D:5      | Found a runed translucent gate.
  5774 | D:5      | Found a runed translucent gate.
  5776 | D:5      | Noticed kwasso's ghost (amateur OpEE)
  5776 | D:5      | Noticed protoss039's ghost (novice DsEE)
  6094 | D:5      | Noticed Pikel
  6158 | D:6      | Noticed Sigmund
  6493 | D:5      | Found a staircase to the Ecumenical Temple.
  6606 | D:5      | Killed Pikel
  6607 | D:5      | Reached skill level 8 in Transmutations
  6912 | D:6      | Killed Sigmund
  6913 | D:6      | Reached XP level 9. HP: 71/71 MP: 7/12
  6917 | D:6      | Learned a level 3 spell: Tukima's Dance
  7457 | D:6      | Found a shimmering blue altar of Sif Muna.
  7854 | D:7      | Reached skill level 5 in Invocations
  8271 | D:7      | Reached skill level 5 in Dodging
  9344 | D:8      | Found a bloodstained altar of Trog.
  9345 | D:8      | Found a white marble altar of Elyvilon.
  9347 | D:8      | Found a sparkling altar of Nemelex Xobeh.
  9368 | D:8      | Found a snail-covered altar of Cheibriados.
  9368 | D:8      | Found a blossoming altar of Fedhas.
  9607 | D:8      | Found a flagged portal.
  9615 | D:8      | Identified the +8 halberd "Qilot" {elec, rCorr}
  9619 | Bailey   | Entered a bailey
  9739 | Bailey   | Noticed a two-headed ogre
  9743 | Bailey   | Killed a two-headed ogre
  9744 | Bailey   | Reached skill level 5 in Fighting
  9744 | Bailey   | Reached XP level 10. HP: 47/81 MP: 9/15
  9747 | Bailey   | Reached *** piety under Yredelemnul
  9779 | Bailey   | Killed from afar by a steam dragon

Illustrated notes

Levels and vault maps discovered:
D:1:      erik_arrival_cave_to_civilisation [erik_arrival_cave_to_hall],
          layout_loops_ring, serial_shops, nicolae_shop_advertising_works
          [nicolae_subvault_shop_adworks]
D:2:      layout_basic, basic_altar, serial_co_window_serial,
          co_window_of_opportunity_a, co_window_of_opportunity_a,
          co_window_paths_b, co_window_paths_a, co_window_cross_1,
          co_window_corner_a, co_window_paths_a, co_window_unsneaky_path_a,
          co_window_broadway_a, co_window_paths_c, co_window_unsneaky_path_b,
          co_window_2corner, co_window_4corner_b
D:3:      cheibrodos_greedy_goblins, layout_loops_ring,
          mainiacjoe_overflow_surrounded_room, portal_sewer_entry_f,
          minmay_quantized, uniq_natasha
D:4:      layout_gridville, serial_undead, serial_undead_f, serial_undead_e,
          serial_undead_b, serial_undead_f, serial_shops, nicolae_shop_crystal,
          nrook_mini_backslash
D:5:      layout_basic, nicolae_yredelemnul_corpse_copse,
          lemuel_temple_firewalk_a, gammafunk_ghost_cemetery,
          hangedman_abyss_or_decor_passed, uniq_pikel
D:6:      layout_cave_pools, marbit_many_paths, uniq_sigmund
D:7:      layout_basic, grunt_decor_clamped
D:8:      layout_basic, grunt_temple_overflow_open,
          mainiacjoe_overflow_alcove_1, mainiacjoe_overflow_catwalk_spiral,
          enter_bailey_2, special_room [special_room_orc]
Bailey:   bailey_polearm_enchanted_keep_hellmonk, bailey

Skill      XL: |  1  2  3  4  5  6  7  8  9 10 |
---------------+-------------------------------+-----
Transmutations | 3 4 5 6 8 |  8.0
Fighting       | 2 3 4 5 6 |  6.0
Unarmed Combat | 4 6 7 |  7.3
Ice Magic      | 1 2 |  2.0
Dodging        | 4 6 |  6.0
Invocations    | 4 6 |  6.0
Spellcasting   | 3 4 |  4.0

Action                   |  1- 3 |  4- 6 |  7- 9 | 10-12 || total
-------------------------+-------+-------+-------+-------++-------
Melee: Unarmed           |    95 |   157 |   251 |       ||   503
       Kick              |    19 |     4 |       |       ||    23
       Tailslap          |    12 |     8 |     6 |       ||    26
       Headbutt          |     7 |     1 |       |       ||     8
       Punch             |       |     1 |       |       ||     1
 Cast: Beastly Appendage |    22 |     5 |       |       ||    27
       Spider Form       |       |    15 |     1 |       ||    16
       Ice Form          |       |       |    29 |       ||    29
Invok: Dark Bargain      |       |       |       |     1 ||     1
 Abil: Breathe Noxious F |       |       |     1 |       ||     1
Evoke: Wand              |       |       |     1 |     1 ||     2
  Use: Scroll            |     3 |     7 |     7 |       ||    17
 Stab: Sleeping          |     1 |       |     2 |       ||     3
       Confused          |       |       |     1 |       ||     1
       Distracted        |       |       |     1 |       ||     1
Armor: Skin              |    25 |    42 |    78 |       ||   145
Dodge: Dodged            |    52 |   150 |   154 |     2 ||   358
